 Dungeon Crawl Stone Soup version 0.26-a0-665-gefeb406119 (webtiles) character file.

Game seed: 2608307949675131599

39 mandarbmax the Vexing (level 3, -2/26 HPs)
             Began as a Formicid Arcane Marksman on Oct 15, 2020.
             Killed from afar by an orc wizard (8 damage)
             ... with a magic dart
             ... on level 2 of the Dungeon.
             The game lasted 00:06:10 (1788 turns).

mandarbmax the Vexing (Formicid Arcane Marksman)    Turns: 1788, Time: 00:06:10

Health: -2/26      AC:  8    Str: 14    XL:     3   Next: 70%
Magic:  6/6        EV:  9    Int: 13    God:
Gold:   96         SH:  0    Dex: 11    Spells: 3/6 levels left

rFire    . . .     SeeInvis +   b - +0 dagger
rCold    + . .     Faith    .   (no shield)
rNeg     . . .     Spirit   .   i - +0 scale mail {rC+}
rPois    .         Reflect  .   (helmet unavailable)
rElec    .         Harm     .   (no cloak)
rCorr    .         Rampage  .   (no gloves)
MR       +....                  (no boots)
Stlth    ..........             (no amulet)
HPRegen  0.08/turn              (no ring)
MPRegen  0.10/turn              (no ring)

@: mighty
A: permanent stasis, dig shafts and tunnels, four strong arms, antennae 3, magic
resistance 1, shaggy fur 2
a: Dig, Shaft Self


You were on level 2 of the Dungeon.
You visited 1 branch of the dungeon, and saw 2 of its levels.

You collected 96 gold pieces.

Inventory:

Hand Weapons
 a - a +1 hand crossbow
 b - a +0 dagger (weapon)
Missiles
 d - 19 bolts
Armour
 e - a +0 robe
 i - a +0 scale mail of cold resistance (worn)
Scrolls
 f - a scroll of noise {unknown}
 g - a scroll of identify {unknown}
 l - a scroll of remove curse {unknown}
Potions
 h - a potion of cancellation
 j - 2 potions of magic


   Skills:
 - Level 1.1 Fighting
 + Level 2.9 Crossbows
 - Level 2.0 Dodging
 - Level 2.0 Spellcasting
 - Level 4.0 Hexes


You had 3 spell levels left.
You knew the following spells:

 Your Spells              Type           Power        Failure   Level
a - Corona                Hex            ##.....      22%         1
b - Slow                  Hex            ##......     32%         2

Your spell library contained the following spells:

 Spells                   Type           Power        Failure   Level
 Inner Flame              Hex/Fire       #.......     83%         3
 Portal Projectile        Hex/Tloc       #.....       83%         3
 Cause Fear               Hex            ##........   91%         4
 Leda's Liquefaction      Hex/Erth       #.........   99%         4


Dungeon Overview and Level Annotations

Branches:
Dungeon (2/15)

Altars:


Innate Abilities, Weirdness & Mutations

You cannot be hasted, slowed, berserked, paralysed or teleported.
You can dig through walls and to a lower floor.
Your four strong arms can wield two-handed weapons with a shield.
You have a pair of large antennae on your head. (SInv)
You are resistant to hostile enchantments. (MR+)
You are covered in thick fur. (AC +2)


Message History

You feel resistant to hostile enchantments.
Your fur grows into a thick mane.
The rat bites you but does no damage.
You puncture the rat!
You kill the rat!
The orc wizard mumbles some strange words.
The orc wizard blinks!
As you read the scroll labeled CAT DOZXYNIS, it crumbles to dust.
It is a scroll of enchant weapon.
Your +0 hand crossbow glows red for a moment.
The hobgoblin closely misses you.
The orc wizard casts a spell.
The orc wizard blinks!
You aren't carrying any items that you can evoke.
Unknown command.
You hit the hobgoblin.
You kill the hobgoblin!
The orc wizard gestures at you while chanting.
The magic dart hits you!
You die...

... ## .. ..# #.#
..#.. #...## ..o.#
##### #.#.# ...#
#@#.# # #.## #)#.###
#.## ##..####o#...#
...# #......o..#
#..####..>...(..#
#.##.)..#.<...(...##
............(((....##
.#####.##########..##
##### { #.#### ##..#
......


You could see an orc wizard (fast) and 2 orcs.

Vanquished Creatures
  An ooze (D:1)
  A worm (D:2)
  A dart slug (D:1)
  A leopard gecko (D:1)
  2 ball pythons (D:2)
  2 giant cockroaches (D:1)
  2 hobgoblins (D:2)
  5 kobolds
  4 bats (D:1)
  2 frilled lizards
  5 goblins
  5 rats
31 creatures vanquished.

Notes
Turn   | Place    | Note
-------+----------+-------------------------------------------
     0 | D:1      | mandarbmax the Formicid Arcane Marksman began the quest for
                  | the Orb.
     0 | D:1      | Reached XP level 1. HP: 15/15 MP: 2/2
    76 | D:1      | Reached skill level 4 in Hexes
    76 | D:1      | Reached XP level 2. HP: 21/21 MP: 1/3
   525 | D:1      | Reached XP level 3. HP: 23/26 MP: 2/5
   816 | D:1      | Learned a level 2 spell: Slow
  1784 | D:2      | Gained mutation: You are covered in fur. (AC +1) [potion of
                  | mutation]
  1784 | D:2      | Gained mutation: You are resistant to hostile enchantments.
                  | (MR+) [potion of mutation]
  1784 | D:2      | Gained mutation: You are covered in thick fur. (AC +2)
                  | [potion of mutation]
  1788 | D:2      | Killed from afar by an orc wizard

Illustrated notes

Levels and vault maps discovered:
D:1:      scummos_arrival_simple_fountains, layout_basic, minmay_misc_feat_roman
D:2:      layout_rooms

Skill      XL: |  1  2  3 |
---------------+----------+-----
Dodging        | 2 |  2.0
Hexes          | 4 |  4.0
Spellcasting   | 2 |  2.0
Fighting       | |  1.1
Crossbows      | |  2.9

Action                   || total
-------------------------++-------
Melee: Unarmed           ||    24
       Dagger            ||    65
 Fire: Hand crossbow     ||    46
 Cast: Corona            ||    18
       Slow              ||     4
  Use: Potion            ||     5
       Scroll            ||     1
Armor: Robe              ||     2
       Scale mail        ||    39
Dodge: Dodged            ||    41

Table legend: (Time is in decaauts)
 A = Elapsed time spent in this place.
 B = Non-inter-level travel time spent in this place.
 C = Inter-level travel time spent in this place.
 D = Time resting spent in this place.
 E = Time spent auto-exploring this place.
 F = Levels seen in this place.
 G = Mean time per level.
                   A        B        C        D        E       F      G
               +--------+--------+--------+--------+--------+-----+--------+
         Total |   1799 |   1791 |      8 |    607 |    748 |   2 |  899.5 |
       Dungeon |   1799 |   1791 |      8 |    607 |    748 |   2 |  899.5 |
               +--------+--------+--------+--------+--------+-----+--------+

Top non-repeatable levels by time:
     D:1: 1320 daAuts
     D:2: 478 daAuts
